 Dungeon Crawl Stone Soup version 0.27-a0-1147-gb3d8e82157 (webtiles) character file.

Game seed: 10943719739024769283

887 robertstho the Firebug (level 7, -3/51 HPs)
             Began as a Demigod Fire Elementalist on May 11, 2021.
             Slain by an orc wizard
             ... wielding a +2 dagger of protection
              (5 damage)
             ... on level 5 of the Dungeon.
             The game lasted 00:10:56 (5997 turns).

robertstho the Firebug (Demigod Fire Elementalist)  Turns: 5997, Time: 00:10:57

Health: -3/51      AC:  5    Str:  9    XL:     7   Next: 48%
Magic:  7/17       EV: 12    Int: 25    God:
Gold:   196        SH:  0    Dex: 14    Spells: 7/15 levels left

rFire    . . .     SeeInvis .   s - +2 dagger (venom)
rCold    . . .     Faith    .   (no shield)
rNeg     . . .     Spirit   .   t - +2 animal skin
rPois    .         Reflect  .   u - +0 helmet
rElec    .         Harm     .   (no cloak)
rCorr    .         Rampage  .   (no gloves)
Will     .....                  (no boots)
Stlth    ++........             (no amulet)
HPRegen  0.17/turn              y - +4 ring of slaying
MPRegen  0.15/turn              n - ring of wizardry

@: no status effects
A: high mp 1, forlorn
a: no special abilities


You were on level 5 of the Dungeon.
You visited 1 branch of the dungeon, and saw 5 of its levels.

You collected 196 gold pieces.

Inventory:

Hand Weapons
 c - a +0 dagger
 s - a +2 dagger of venom (weapon)
Armour
 t - a +2 animal skin (worn)
 u - a +0 helmet (worn)
Jewellery
 h - a ring of flight
 j - a ring of protection from cold
 n - a ring of wizardry (right hand)
 y - a +4 ring of slaying (left hand)
Scrolls
 a - 2 scrolls of noise {unknown}
 d - 2 scrolls of silence {unknown}
 e - 2 scrolls of teleportation {unknown}
 o - 2 scrolls of enchant weapon
 p - 4 scrolls of enchant armour {unknown}
 v - a scroll of vulnerability {unknown}
 x - 2 scrolls of fog {unknown}
 z - a scroll of brand weapon
Potions
 b - 3 potions of might
 f - 2 potions of berserk rage {unknown}
 g - 5 potions of heal wounds {unknown}
 i - 2 potions of curing {unknown}
 k - a potion of magic {unknown}
 l - a potion of brilliance {unknown}
 m - 3 potions of flight {unknown}
 q - a potion of attraction {unknown}
 r - a potion of mutation {unknown}
 A - a potion of ambrosia {unknown}


   Skills:
 + Level 0.7 Fighting
 + Level 0.1 Short Blades
 + Level 2.3 Dodging
 + Level 2.0 Stealth
 * Level 4.5 Spellcasting
 * Level 4.1 Conjurations
 * Level 5.3 Fire Magic


You had 7 spell levels left.
You knew the following spells:

 Your Spells              Type           Power      Damage    Failure   Level
a - Foxfire               Conj/Fire      100%       2x1d9     1%          1
b - Conjure Flame         Conj/Fire      29%        6-21      1%          3
c - Sticky Flame          Conj/Fire      29%        2d5       4%          4

Your spell library contained the following spells:

 Spells                   Type           Power      Damage    Failure   Level
 Inner Flame              Hex/Fire       19%        N/A       3%          3
 Fireball                 Conj/Fire      14%        3d8       14%         5


Dungeon Overview and Level Annotations

Branches:
Dungeon (5/15)             Temple (0/1) D:4

Shops:
D:2 =


Innate Abilities, Weirdness & Mutations

Your attributes grow dramatically as you level up.
You have an increased reservoir of magic. (+10% MP)
You shall have no god before yourself.


Message History

The orc wizard is heavily wounded.
The foxfire hits the orc wizard.
The orc wizard is severely wounded.
The orc wizard hits you but does no damage.
Casting: Foxfire (safe; 1% risk of failure)
Press: ? - help, Q - select action, (/) - cycle Dir - look around, f - activate You conjure some foxfire!
The foxfire hits the orc wizard but does no damage.
The orc wizard is severely wounded.
The foxfire hits the orc wizard but does no damage.
The orc wizard is severely wounded.
The orc wizard hits you but does no damage.
Casting: Foxfire (safe; 1% risk of failure)
Press: ? - help, Q - select action, (/) - cycle Dir - look around, f - activate You conjure some foxfire!
The foxfire hits the ogre.
The ogre is lightly wounded.
The foxfire hits the orc wizard.
The orc wizard is almost dead.
The orc wizard closely misses you.
Casting: Foxfire (safe; 1% risk of failure)
Press: ? - help, Q - select action, (/) - cycle Dir - look around, f - activate You conjure some foxfire!
The foxfire hits the ogre!
The ogre is moderately wounded.
The foxfire hits the orc.
The orc is moderately wounded.
The orc wizard gestures at itself while chanting.
The orc wizard flickers and vanishes!
Deactivating autopickup; reactivate with Ctrl-A.
The ogre hits you with a +0 giant club!!
* * * LOW HITPOINT WARNING * * *
The orc hits you with a +0 whip.
* * * LOW HITPOINT WARNING * * *
Your foxfire dissipates!
The orc misses you.
You see here a +0 barding.
Unknown command.
Something hits you.
You die...

.. #.# ....... ...
#.##.# ....... #.
#.##.# .......#..
#.##.# ........
#####.##.# #......
..##.##.# #....#####
#.##.##.#
#..)o...####.##.##.#
#..O[@.......[.....#
###.########.#####.#
### ### ###


You could see an ogre and an orc.

Vanquished Creatures
  2 ogres (D:5)
  A centaur (D:5)
  A scorpion (D:5)
  2 water moccasin skeletons
  A hound (D:5)
  A jelly (D:4)
  2 orc priests (D:3)
  A centaur skeleton (D:5)
  2 iguanas
  2 orc wizards
  Natasha (twice) (D:2)
  A hound skeleton (D:4)
  Robin (D:2)
  An adder (D:3)
  3 gnolls
  A shadow imp (D:4)
  A white imp (D:5)
  A worm (D:2)
  A dart slug (D:1)
  12 orcs
  4 endoplasms
  3 giant cockroaches
  13 goblins
  10 hobgoblins
  7 jackals (D:1)
  6 kobolds
  4 quokkas
  5 ball pythons
  4 bats
  A frilled lizard (D:1)
  9 rats
105 creatures vanquished.

Vanquished Creatures (collateral kills)
  6 foxfires (D:2)
6 creatures vanquished.

Vanquished Creatures (others)
  479 foxfires
  4 plants
483 creatures vanquished.

Grand Total: 594 creatures vanquished

Notes
Turn   | Place    | Note
-------+----------+-------------------------------------------
     0 | D:1      | robertstho the Demigod Fire Elementalist began the quest
                  | for the Orb.
     0 | D:1      | Reached XP level 1. HP: 14/14 MP: 5/5
    81 | D:1      | Reached skill level 1 in Conjurations
    81 | D:1      | Reached skill level 3 in Fire Magic
   265 | D:1      | Reached XP level 2. HP: 20/20 MP: 2/7
  1468 | D:2      | Reached XP level 3. HP: 26/26 MP: 3/8
  1568 | D:2      | Found Socw's Jewellery Shoppe.
  1809 | D:2      | Noticed Robin
  2101 | D:2      | Noticed Natasha
  2105 | D:2      | Killed Natasha
  2415 | D:2      | Killed Robin
  2416 | D:2      | Reached XP level 4. HP: 19/33 MP: 0/10
  2804 | D:2      | Noticed Natasha
  2814 | D:2      | Killed Natasha
  2815 | D:2      | Reached skill level 4 in Fire Magic
  3071 | D:3      | Reached XP level 5. HP: 18/38 MP: 6/12
  3240 | D:2      | Learned a level 3 spell: Conjure Flame
  3245 | D:2      | Learned a level 4 spell: Sticky Flame
  4317 | D:4      | Reached XP level 6. HP: 45/45 MP: 9/14
  5064 | D:4      | Found a staircase to the Ecumenical Temple.
  5155 | D:5      | Entered Level 5 of the Dungeon
  5259 | D:5      | Reached XP level 7. HP: 42/51 MP: 6/16
  5509 | D:5      | Reached skill level 5 in Fire Magic
  5995 | D:5      | HP: 1/51 [orc/+0 whip (3)]
  5997 | D:5      | Slain by an orc wizard

Illustrated notes

Levels and vault maps discovered:
D:1:      lightli_arrival_statuegarden, layout_basic, minmay_pentomino_v4
D:2:      layout_rooms, serial_forest, infiniplex_forest_clump_double,
          infiniplex_forest_clump_small, infiniplex_forest_clump_medium,
          infiniplex_forest_lined_3, infiniplex_forest_straight_2,
          infiniplex_forest_diagonal, infiniplex_forest_straight_1,
          infiniplex_forest_clump_small, infiniplex_forest_end_1, serial_shops,
          shop, uniq_natasha, uniq_robin
D:3:      layout_basic, shapermc_ecumenical_altar_mp_ritualfount,
          feat_on_display
D:4:      layout_rooms, minmay_temple_entry_fiery
D:5:      layout_basic, kennysheep_decorative_pillar

Skill      XL: |  1  2  3  4  5  6  7 |
---------------+----------------------+-----
Conjurations   | 1 2 3 4 |  4.1
Fire Magic     | 3 4 5 |  5.3
Spellcasting   | 2 3 4 |  4.5
Dodging        | 2 |  2.3
Stealth        | 2 |  2.0
Fighting       | |  0.7
Short Blades   | |  0.1

Action                   |  1- 3 |  4- 6 |  7- 9 || total
-------------------------+-------+-------+-------++-------
Melee: Dagger            |     4 |    15 |     6 ||    25
 Cast: Foxfire           |   107 |   152 |    32 ||   291
       Sticky Flame      |       |     1 |     3 ||     4
  Use: Scroll            |       |     3 |       ||     3
Armor: Robe              |     4 |     1 |       ||     5
       Animal skin       |       |    11 |     8 ||    19
Dodge: Dodged            |    27 |    25 |    19 ||    71

Table legend: (Time is in decaauts)
 A = Elapsed time spent in this place.
 B = Non-inter-level travel time spent in this place.
 C = Inter-level travel time spent in this place.
 D = Time resting spent in this place.
 E = Time spent auto-exploring this place.
 F = Levels seen in this place.
 G = Mean time per level.
                   A        B        C        D        E       F      G
               +--------+--------+--------+--------+--------+-----+--------+
         Total |   5994 |   5786 |    208 |    421 |   4586 |   5 | 1198.8 |
       Dungeon |   5994 |   5786 |    208 |    421 |   4586 |   5 | 1198.8 |
               +--------+--------+--------+--------+--------+-----+--------+

Top non-repeatable levels by time:
     D:2: 1824 daAuts
     D:1: 1358 daAuts
     D:4: 1023 daAuts
     D:3: 947 daAuts
     D:5: 841 daAuts
